 Dungeon Crawl Stone Soup version 0.20-a0-537-g052e6ba (webtiles) character file.

98 polly the Chopper (level 4, -4/41 HPs)
             Began as a Minotaur Berserker on Jan 28, 2017.
             Was a Priest of Trog.
             Killed from afar by an orc wizard (9 damage)
             ... with a magic dart
             ... on level 3 of the Dungeon.
             The game lasted 00:02:33 (1266 turns).

polly the Chopper (Minotaur Berserker)              Turns: 1266, Time: 00:02:33

Health: -4/41      AC:  9    Str: 23    XL:     4   Next: 43%
Magic:  3/3        EV:  9    Int:  4    God:    Trog [***...]
Gold:   75         SH:  0    Dex:  9    Spells: 3/3 levels left

rFire    . . .     SeeInvis .   a - +0 hand axe
rCold    . . .     Gourm    .   h - +0 chain mail
rNeg     . . .     Faith    .   (no shield)
rPois    .         Spirit   .   (helmet restricted)
rElec    .         Reflect  .   (no cloak)
rCorr    .         Harm     .   (no gloves)
MR       .....                  (no boots)
Stlth    ..........             (no amulet)
Regen    0.2/turn               (no ring)
                                q - ring of loudness (curse)

@: no status effects
A: retaliatory headbutt, horns 2
a: Berserk, Trog's Hand, Burn Spellbooks, Renounce Religion


You were on level 3 of the Dungeon.
You worshipped Trog.
Trog was most pleased with you.
You were not hungry.

You visited 1 branch of the dungeon, and saw 3 of its levels.

You collected 75 gold pieces.

Inventory:

Hand Weapons
 a - a +0 hand axe (weapon)
Armour
 h - a +0 chain mail (worn)
Jewellery
 q - a cursed ring of loudness (left hand)
Scrolls
 b - 2 scrolls of noise {unknown}
 d - a scroll of enchant armour {unknown}
 e - a scroll of recharging {unknown}
 f - a scroll of magic mapping {unknown}
 g - a scroll of fog {unknown}
 k - a scroll of identify {unknown}
 p - a scroll of amnesia {unknown}
 s - a scroll of blinking {unknown}
Potions
 i - a potion of flight {unknown}
 j - 2 potions of degeneration {unknown}
 m - a potion of lignification {unknown}
 n - a potion of beneficial mutation {unknown}
 o - a potion of heal wounds {unknown}
 r - a potion of might {unknown}
Comestibles
 c - 4 bread rations
 l - a meat ration
 t - a chunk of flesh
 u - a royal jelly


   Skills:
 + Level 4.6 Fighting
 + Level 5.0 Axes
 + Level 2.9 Armour
 + Level 2.6 Dodging


You had 3 spell levels left.
You didn't know any spells.

Dungeon Overview and Level Annotations

Branches:
Dungeon (3/15)

Altars:
Ashenzari
Elyvilon
Kikubaaqudgha
Sif Muna
Trog
Xom
The Shining One


Innate Abilities, Weirdness & Mutations

You reflexively headbutt those who attack you in melee.
You have a pair of horns on your head.


Message History

You hit something but do no damage. Your headbutt misses something.
Something hits you but does no damage.
You hit something. Your headbutt misses something. You slash the rat!
You kill the rat!
Trog accepts your kill. Something hits you but does no damage.
You miss something. Something hits you.
* * * LOW HITPOINT WARNING * * *
Something hits you but does no damage.
You miss something.
You hear some strange, mumbled words.
A puff of frost appears from out of thin air!
The puff of frost hits you!
* * * LOW HITPOINT WARNING * * *
You miss something.
Something hits you but does no damage. x2
You hit something. Something hits you but does no damage.
You hear some strange, mumbled words.
A magic dart appears from out of thin air!
The magic dart hits you!
You die...

# ###################
##.###.................#
###..........##############.#
..........?..[.{@†....># #.#
###.###.###))#.####.#######.#
# # #......##.........# #
#......##.....##### #
....#......##.###.# #
#....#......##.# #.# # #
#...........##.# #.# # #.
#....##.....##.# #.# #
.##....##.....##.# #.#


There were no monsters in sight!

Vanquished Creatures
  An adder (D:2)
  A worm (D:2)
  A dart slug (D:2)
  A leopard gecko (D:3)
  11 orcs (D:3)
  2 ball pythons (D:2)
  5 giant cockroaches
  8 goblins
  4 hobgoblins
  3 jackals (D:1)
  10 kobolds
  7 bats
  8 frilled lizards
  7 rats
69 creatures vanquished.

Notes
Turn   | Place    | Note
-------+----------+-------------------------------------------
     0 | D:1      | polly the Minotaur Berserker began the quest for the Orb.
     0 | D:1      | Reached XP level 1. HP: 19/19 MP: 0/0
    52 | D:1      | Reached skill level 4 in Axes
    52 | D:1      | Reached XP level 2. HP: 26/27 MP: 1/1
   128 | D:1      | Reached ** piety under Trog
   241 | D:1      | Found a shimmering altar of Xom.
   243 | D:1      | Found a sparkling altar of Nemelex Xobeh.
   243 | D:1      | Found a bloodstained altar of Trog.
   246 | D:1      | Found a deep blue altar of Sif Muna.
   246 | D:1      | Found a white marble altar of Elyvilon.
   246 | D:1      | Found a shattered altar of Ashenzari.
   522 | D:2      | Reached XP level 3. HP: 32/33 MP: 2/2
   601 | D:2      | Found an ancient bone altar of Kikubaaqudgha.
   805 | D:2      | Found a glowing golden altar of the Shining One.
   835 | D:2      | Found a shattered altar of Ashenzari.
  1075 | D:3      | Reached XP level 4. HP: 41/41 MP: 3/3
  1202 | D:3      | Reached skill level 5 in Axes
  1245 | D:3      | Reached *** piety under Trog
  1266 | D:3      | Killed from afar by an orc wizard

Vault maps used:
D:1:      saegor_arrival_simple_d, doesnt_xom_only_xom
D:2:      kiku_gazebo_garden_becter, old_standard_altar, first_bread, tso_altar

Skill      XL: |  1  2  3  4 |
---------------+-------------+-----
Fighting       | 4 |  4.6
Axes           | 4 5 |  5.0
Armour         | |  2.9
Dodging        | |  2.6

Action                   |  1- 3 |  4- 6 || total
-------------------------+-------+-------++-------
Melee: Hand axe          |   105 |    49 ||   154
       Headbutt          |    13 |     4 ||    17
Invok: Burn Spellbooks   |       |     1 ||     1
  Eat: Chunk             |       |     1 ||     1
Armor: Animal skin       |     5 |       ||     5
       Chain mail        |    45 |    28 ||    73
Dodge: Dodged            |    50 |    17 ||    67
